 Dungeon Crawl Stone Soup version 0.29-a0-719-g0fec994a2d (webtiles) character file.

Game seed: 17680229599214661193

125868 1stPlace the Warrior (level 16, -2/141 HPs)
             Began as a Minotaur Berserker on June 27, 2022.
             Was the Champion of Trog.
             Slain by a saltling (23 damage)
             ... in the Desolation of Salt.
             The game lasted 00:53:29 (27712 turns).

1stPlace the Warrior (Minotaur Berserker)          Turns: 27712, Time: 00:53:30

Health: -2/141     AC: 38    Str: 26    XL:     16   Next: 42%
Magic:  5/5        EV: 17    Int: 10    God:    Trog [******]
Gold:   1141       SH:  0    Dex: 18    Spells: 15/15 levels left

rFire   . . .      SeeInvis .   D - +1 halberd (antimagic)
rCold   + . .      Faith    .   (shield currently unavailable)
rNeg    . . .      Spirit   .   c - +15 Maxwell's patent armour {-Cast -Tele rElec Will+ rCorr}
rPois   .          Reflect  .   s - +2 hat {Will+}
rElec   +          Harm     .   (no cloak)
rCorr   +          Rampage  .   i - +1 pair of gloves
Will    +++++      NoTele   +   (no boots)
Stlth   .......... NoCast   +   (no amulet)
HPRegen 1.33/turn               R - ring of Soump {rC+ rCorr Slay+6}
MPRegen 0.09/turn               h - ring "Neaj" {Drain Int+4 Dex+6 Stlth+}

@: strong-willed, on berserk cooldown, regenerating, slowed, very slow
A: horns 2, retaliatory headbutt, frail 1, high MP 1
a: Renounce Religion, Berserk, Trog's Hand, Brothers in Arms


You were in the Desolation of Salt.
You worshipped Trog.
Trog was exalted by your worship.
You visited 5 branches of the dungeon, and saw 25 of its levels.
You visited the Abyss 1 time.
You also visited: Desolation.

You collected 2765 gold pieces.
You spent 1624 gold pieces at shops.

Inventory:

Hand Weapons
 D - a +1 antimagic halberd (weapon)
Armour
 c - the +15 Maxwell's patent armour (worn) {-Cast -Tele rElec Will+ rCorr}
   (You acquired it on level 15 of the Dungeon)

   rElec:     It insulates you from electricity.
   -Cast:     It prevents spellcasting.
   -Tele:     It prevents most forms of teleportation.
   rCorr:     It protects you from acid and corrosion.
   Will:      It increases your willpower.
 i - a +1 pair of gloves (worn)
 s - a +2 hat of willpower (worn)
Jewellery
 h - the ring "Neaj" (right hand) {Drain Int+4 Dex+6 Stlth+}
   (You acquired it on level 9 of the Dungeon)

   [ring of dexterity]

   Int:       It affects your intelligence (+4).
   Dex:       It affects your dexterity (+6).
   Drain:     It drains your maximum health when unequipped.
   Stlth:     It makes you more stealthy.
 R - the ring of Soump (left hand) {rC+ rCorr Slay+6}
   (You bought it in a shop on level 2 of the Orcish Mines)

   [ring of resist corrosion]

   Slay:      It affects your accuracy & damage with ranged weapons and melee
   (+6).
   rC:        It protects you from cold.
   rCorr:     It protects you from acid and corrosion.
Wands
 b - a wand of mindburst (41)
 l - a wand of flame (24)
 u - a wand of paralysis (15)
 y - a wand of digging (16)
 G - a wand of polymorph (6)
 I - a wand of iceblast (14)
 J - a wand of quicksilver (11)
Scrolls
 f - 12 scrolls of identify
 j - 4 scrolls of vulnerability
 m - 4 scrolls of immolation
 q - 8 scrolls of teleportation
 t - 6 scrolls of fear
 A - a scroll of blinking
 C - 2 scrolls of amnesia
 H - 2 scrolls of fog
Potions
 d - 6 potions of brilliance
 e - 6 potions of might
 n - 11 potions of curing
 o - 2 potions of lignification
 p - 2 potions of haste
 r - a potion of resistance
 B - 3 potions of magic
 F - 5 potions of cancellation
 L - 3 potions of ambrosia
 N - 2 potions of berserk rage
 O - a potion of invisibility
Miscellaneous
 P - a phantom mirror
 Q - a piece from Xom's chessboard (15/15)


   Skills:
 + Level 18.2 Fighting
 + Level 18.2 Polearms
 + Level 18.0 Armour
 + Level 16.6 Dodging


You had 15 spell levels left.
You didn't know any spells.
Your spell library was empty.

Dungeon Overview and Level Annotations

Branches:
Dungeon (15/15)            Temple (0/1) D:4            Lair (6/6) D:9
  Swamp (0/4) Lair:3       Spider (1/4) Lair:2        Slime (0/5) Lair:6
    Orc (2/2) D:10            Elf (1/3) Orc:2        Vaults (0/5) D:14
 Depths (0/4) D:15        Desolation (1/1)

Altars:
Cheibriados
Dithmenos
Hepliaklqana
Kikubaaqudgha
Nemelex Xobeh
Vehumet
Yredelemnul
Beogh

Shops:
D:8 *   D:10 [   D:14 [   D:15 *   Orc:2 *=?[


Innate Abilities, Weirdness & Mutations

You have a pair of horns on your head.
You reflexively headbutt those who attack you in melee.
You are frail. (-10% HP)
You have an increased reservoir of magic. (+10% MP)


Message History

The saltling attacks as you move away! The saltling hits you!!
* * * LOW HITPOINT WARNING * * *
The peacekeeper bites you but does no damage.
The peacekeeper closely misses you. The saltling hits you.
* * * LOW HITPOINT WARNING * * *
The saltling hits you.
* * * LOW HITPOINT WARNING * * *
The peacekeeper bites you but does no damage.
The peacekeeper misses you.
The peacekeeper bites you but does no damage.
The peacekeeper misses you. The peacekeeper completely misses you.
You furiously retaliate!
You headbutt the peacekeeper, but do no damage.
The peacekeeper claws you but does no damage.
The saltling hits you but does no damage.
Okay, then.
You slice the saltling!!
You destroy the saltling!
Trog accepts your kill. The saltling closely misses you.
The peacekeeper bites you but does no damage.
The peacekeeper claws you but does no damage.
The saltling misses you. You furiously retaliate!
You headbutt the saltling, but do no damage.
You slash the peacekeeper!
The peacekeeper is moderately damaged.
The peacekeeper closely misses you. You furiously retaliate!
You headbutt the peacekeeper.
The peacekeeper claws you but does no damage.
The saltling misses you. The saltling hits you!
* * * LOW HITPOINT WARNING * * *
The peacekeeper bites you but does no damage.
The peacekeeper claws you but does no damage.
You slash the peacekeeper!
You headbutt the peacekeeper, but do no damage.
The peacekeeper is heavily damaged.
The peacekeeper closely misses you. You furiously retaliate!
You headbutt the peacekeeper! The peacekeeper barely misses you.
The saltling hits you!!
You die...

.§.§§§§...§..........
...§§§§...§§.§§ .....
.§.§§§§..§§§.§§§. ...
.§.§§§.)§§.§§.§§.. ..
.§.§§§....§§§.§§§..
.§.§.....§§§§§§§§§.
...§.....)§§9§§.....
..........§999§.....
.........|##@##.....
.........#..).# §...
.........#:.)§# §.
.........#...§§
.......##).§#§ ...
#####§§


You could see a peacekeeper and 3 saltlings.

Vanquished Creatures
  Rupert (D:14)
  Frances (D:12)
  Gastronok (Lair:2)
  A tentacled starspawn (Abyss:1)
  Kirke (Lair:6)
  2 emperor scorpions (Spider:1)
  An imperial myrmidon (Desolation)
  2 ghost moths (Spider:1)
  A vampire knight (D:14)
  A halazid warlock (Desolation)
  Azrael (Orc:2)
  Snorg (Orc:1)
  A fire dragon (D:15)
  3 ragged hierophants (Desolation)
  2 ice dragons
  2 servants of whispers (Desolation)
  7 hydras
  4 peacekeepers (Desolation)
  3 boulder beetles
  2 death knights (D:14)
  3 centaur warriors
  A dancing weapon (Elf:1)
  5 death yaks (Lair:4)
  A two-headed ogre (D:8)
  Sonja (Orc:1)
  6 skeletal warriors (D:14)
  Amaemon (Lair:2)
  A large abomination (Abyss:1)
  An orb spider (Spider:1)
  A lindwurm (Lair:6)
  3 bog bodies (Lair:3)
  A deep elf archer (Elf:1)
  A phantasmal warrior (D:14)
  A spectral wolf spider (D:14)
  4 deep elf pyromancers
  A harpy (shapeshifter) (D:13)
  3 necromancers (D:14)
  A wolf spider zombie (D:14)
  An orc knight (D:15)
  4 deep elf zephyrmancers (Elf:1)
  3 spectral ice dragons (D:14)
  2 wolf spiders (Spider:1)
  8 orc sorcerers (Orc:2)
  25 ugly things
  2 manticores
  4 cyclopes
  A guardian serpent (Desolation)
  5 elephants (Lair:6)
  3 black mambas
  3 gargoyles
  5 centaur zombies (D:14)
  An orange demon (Lair:2)
  13 cane toads
  A molten gargoyle (Desolation)
  A demonic crawler (Spider:1)
  2 torpor snails
  2 centaur skeletons (D:14)
  4 rime drakes
  6 komodo dragons
  13 freezing wraiths (D:14)
  9 trolls
  4 hornets (Lair:6)
  A wolf spider simulacrum (D:14)
  4 tarantellas (Spider:1)
  18 saltlings (Desolation)
  A raiju (shapeshifter) (D:15)
  6 blink frogs
  6 polar bears
  Grinder (D:6)
  8 dream sheep
  3 flying skulls (D:14)
  15 spriggans (Lair:6)
  3 water elementals (D:14)
  3 centaur simulacra (D:14)
  2 air elementals (Elf:1)
  3 jumping spiders (Spider:1)
  2 shadows
  A yak (shapeshifter) (D:15)
  2 wraiths (D:14)
  A ynoxinul (Abyss:1)
  52 yaks
  4 vampires
  3 wyverns
  A human (D:10)
  A steam dragon (D:10)
  3 basilisks
  4 fire elementals
  2 fire bats (Lair:6)
  2 hogs (Lair:6)
  A neqoxec (Abyss:1)
  4 vampire mosquitoes
  An acid dragon (D:11)
  9 wargs
  19 water moccasins
  7 hell hounds
  23 orc warriors
  12 ogres
  An ice dragon simulacrum (D:14)
  An ice beast (D:7)
  5 black bears
  4 boggarts (Lair:6)
  30 wolves
  12 centaurs
  4 kobold brigands
  8 bullfrogs
  2 necrophages
  An earth elemental (Elf:1)
  2 gnoll sergeants
  4 scorpions
  5 wights (D:9)
  A deep troll simulacrum (D:14)
  14 killer bees
  4 electric eels
  3 howler monkeys (D:13)
  An iron imp (Abyss:1)
  24 orc priests
  2 hounds
  A jelly (D:6)
  3 iguanas
  44 orc wizards
  A hell rat (Lair:6)
  2 boggart skeletons (D:14)
  6 gnolls
  5 adders
  A shadow imp (D:6)
  2 white imps
  2 ufetubi (D:5)
  6 worms
  4 dart slugs
  97 orcs
  4 bats
  6 endoplasms
  4 giant cockroaches
  13 goblins
  5 hobgoblins
  9 jackals
  5 quokkas
  6 ball pythons
  A frilled lizard (D:1)
  20 kobolds
  7 rats
806 creatures vanquished.

Vanquished Creatures (collateral kills)
  2 yaks (D:9)
  A wight (D:9)
  An orc priest (Orc:1)
  An orc (Orc:1)
5 creatures vanquished.

Vanquished Creatures (others)
  A wizard (D:10)
  A human (Lair:6)
  10 fungi
  15 plants
  2 starspawn tentacles (Abyss:1)
29 creatures vanquished.

Grand Total: 840 creatures vanquished

Notes
Turn   | Place    | Note
-------+----------+-------------------------------------------
     0 | D:1      | 1stPlace the Minotaur Berserker began the quest for the
                  | Orb.
     0 | D:1      | Reached XP level 1. HP: 19/19 MP: 0/0
    88 | D:1      | Noticed a great orb of eyes
   234 | D:1      | Noticed a floating eye
   253 | D:1      | Reached XP level 2. HP: 27/27 MP: 1/1
   488 | D:1      | Noticed an eye of devastation
   501 | D:1      | Noticed an eye of devastation
   502 | D:1      | Found a faded altar of an unknown god.
   606 | D:1      | Reached XP level 3. HP: 33/33 MP: 2/2
   890 | D:2      | Reached ** piety under Trog
  1294 | D:2      | Reached XP level 4. HP: 41/41 MP: 3/3
  1654 | D:3      | Noticed an ogre
  1662 | D:3      | Killed an ogre
  1663 | D:3      | Reached XP level 5. HP: 47/47 MP: 4/4
  1742 | D:3      | Reached skill level 5 in Fighting
  1742 | D:3      | Reached skill level 5 in Polearms
  1826 | D:3      | Found a sparkling altar of Nemelex Xobeh.
  1963 | D:3      | Gained mutation: You have an increased reservoir of magic.
                  | (+10% MP) [potion of mutation]
  1977 | D:3      | Reached XP level 6. HP: 36/56 MP: 5/5
  3427 | D:4      | Found a staircase to the Ecumenical Temple.
  3462 | D:4      | Found a radiant altar of Vehumet.
  3499 | D:4      | Reached skill level 5 in Armour
  3499 | D:4      | Reached XP level 7. HP: 62/62 MP: 6/6
  3866 | D:5      | Entered Level 5 of the Dungeon
  4078 | D:5      | Reached *** piety under Trog
  4239 | D:5      | Reached skill level 5 in Dodging
  4736 | D:6      | Noticed Grinder
  4748 | D:6      | Killed Grinder
  4749 | D:6      | Reached XP level 8. HP: 71/71 MP: 7/7
  6188 | D:7      | Reached XP level 9. HP: 71/81 MP: 8/8
  6997 | D:8      | Noticed a two-headed ogre
  7013 | D:8      | Killed a two-headed ogre
  7181 | D:8      | Found a basalt altar of Yredelemnul.
  7395 | D:8      | Found Xuinavul's Fire Supplies.
  7404 | D:8      | Bought a +1 chain mail of fire resistance for 165 gold
                  | pieces
  7421 | D:8      | Identified the ring of Newusich {Ice Str+7}
  7983 | D:9      | Reached XP level 10. HP: 91/91 MP: 10/10
  8322 | D:9      | Found a staircase to the Lair.
  8366 | D:9      | Identified 2 scrolls of acquirement
  8366 | D:9      | Acquired the ring "Neaj" {Drain Int+4 Dex+6 Stlth+}
  8370 | D:9      | Acquired the ring of Balance {rC+ rN+ Str+6 Dex+4 SInv}
  8423 | D:9      | Found a hazy altar of Hepliaklqana.
  8475 | D:9      | Reached skill level 10 in Polearms
  8485 | D:9      | Reached skill level 10 in Fighting
  8641 | D:9      | Reached skill level 10 in Armour
  8818 | D:9      | Found a shadowy altar of Dithmenos.
  9019 | D:10     | Entered Level 10 of the Dungeon
  9148 | D:10     | Reached **** piety under Trog
  9298 | D:10     | Reached XP level 11. HP: 101/101 MP: 11/11
  9427 | D:10     | Found a staircase to the Orcish Mines.
  9513 | D:10     | Found Xatuoxur's Armour Emporium.
  9638 | D:10     | Noticed a wizard
  9666 | D:10     | Killed a wizard
 10045 | D:10     | Reached skill level 10 in Dodging
 10501 | D:11     | Noticed a seven-headed hydra
 10509 | D:11     | Noticed an eight-headed hydra
 10519 | D:11     | Killed a seven-headed hydra
 10523 | D:11     | Killed an eight-headed hydra
 11278 | D:12     | Noticed Frances
 11770 | D:12     | Noticed a cyan ugly thing
 11776 | D:12     | Killed a cyan ugly thing
 11903 | D:12     | Killed Frances
 11904 | D:12     | Reached XP level 12. HP: 113/113 MP: 12/12
 12172 | D:13     | Noticed a five-headed hydra
 12179 | D:13     | Killed a five-headed hydra
 12576 | Lair:1   | Entered Level 1 of the Lair of Beasts
 13841 | Lair:2   | Noticed Amaemon
 13846 | Lair:2   | Noticed a five-headed hydra
 13851 | Lair:2   | Killed Amaemon
 13856 | Lair:2   | Killed a five-headed hydra
 13857 | Lair:2   | Identified the +8 chain mail "Ecuc" {*Slow +Blink Int-3
                  | Dex+5}
 14079 | Lair:2   | Noticed Gastronok
 14095 | Lair:2   | Killed Gastronok
 14096 | Lair:2   | Reached XP level 13. HP: 123/123 MP: 13/13
 14249 | Lair:2   | Found a hole to the Spider Nest.
 14728 | Lair:3   | Found a staircase to the Swamp.
 17869 | Lair:6   | Entered Level 6 of the Lair of Beasts
 17870 | Lair:6   | Noticed Kirke
 17883 | Lair:6   | Killed Kirke
 17884 | Lair:6   | Reached skill level 15 in Fighting
 17884 | Lair:6   | Reached skill level 15 in Polearms
 17912 | Lair:6   | Found a staircase to the Slime Pits.
 18010 | Lair:6   | Reached XP level 14. HP: 135/135 MP: 14/14
 18085 | Lair:6   | Reached skill level 15 in Armour
 18477 | Lair:6   | Reached ***** piety under Trog
 20282 | D:14     | Received a gift from Trog
 20290 | D:14     | Noticed Rupert
 20302 | D:14     | Killed Rupert
 20512 | D:14     | Found Hetzael's Armour Boutique.
 21112 | D:14     | Reached XP level 15. HP: 145/145 MP: 5/15
 21116 | D:14     | Reached skill level 15 in Dodging
 21188 | D:14     | Found an ancient bone altar of Kikubaaqudgha.
 21874 | D:14     | Found a snail-covered altar of Cheibriados.
 22235 | D:14     | Found a gate to the Vaults.
 22912 | Orc:1    | Entered Level 1 of the Orcish Mines
 22985 | Orc:1    | Noticed Snorg
 22991 | Orc:1    | Killed Snorg
 23510 | Orc:1    | Noticed Sonja
 23519 | Abyss:1  | Cast into level 1 of the Abyss (Sonja)
 23734 | Abyss:1  | Noticed a tentacled starspawn
 23740 | Abyss:1  | Killed a tentacled starspawn
 23743 | Abyss:1  | Gained mutation: You are frail. (-10% HP) [a neqoxec]
 23772 | Orc:1    | Escaped the Abyss
 23858 | Orc:1    | Killed Sonja
 24022 | Orc:2    | Entered Level 2 of the Orcish Mines
 24024 | Orc:2    | Noticed Azrael
 24051 | Orc:2    | Killed Azrael
 24081 | Orc:2    | Found a staircase to the Elven Halls.
 24375 | Orc:2    | Found Pyutzatu's Jewellery Shop.
 24375 | Orc:2    | Found Ceddudd's General Store.
 24393 | Orc:2    | Bought the ring of Soump {rC+ rCorr Slay+6} for 769 gold
                  | pieces
 24436 | Orc:2    | Paralysed by an orc sorcerer for 5 turns
 24474 | Orc:2    | Found Zomoidgh's Antique Armour Shop.
 24474 | Orc:2    | Found Maigua Apie's Magic Scroll Emporium.
 24496 | Orc:2    | Bought a scroll of enchant weapon for 120 gold pieces
 24496 | Orc:2    | Bought a scroll of enchant armour for 120 gold pieces
 25303 | D:15     | Entered Level 15 of the Dungeon
 25317 | D:15     | Identified the +1 plate armour of Elyvilon's Reproof {Harm
                  | rN++ Slay+4 Stlth-}
 25450 | D:15     | Found Kuacw's Overcharged Wands.
 25463 | D:15     | Bought a wand of digging (11) for 450 gold pieces
 25619 | D:15     | Acquired the +15 Maxwell's patent armour {-Cast -Tele rElec
                  | Will+ rCorr}
 25619 | D:15     | Found the +15 Maxwell's patent armour {-Cast -Tele rElec
                  | Will+ rCorr}
 25976 | D:15     | Found a staircase to the Depths.
 26233 | Spider:1 | Entered Level 1 of the Spider Nest
 26364 | Spider:1 | Reached XP level 16. HP: 123/141 MP: 5/16
 26929 | Elf:1    | Entered Level 1 of the Elven Halls
 26932 | Elf:1    | Paralysed by an air elemental for 1 turns
 27287 | Elf:1    | Found a crumbling gateway.
 27291 | Desolati | Entered the Desolation of Salt
 27470 | Desolati | Reached ****** piety under Trog
 27697 | Desolati | HP: 6/210 [saltling (9)]
 27712 | Desolati | Slain by a saltling

Illustrated notes

Levels and vault maps discovered:
D:1:      amcnicky_arrival_abandoned_market, layout_basic,
          hellmonk_ecumenical_altar_watching_god, kennysheep_decorative_pillar,
          st_stairs_10
D:2:      layout_basic, grunt_decor_clamped
D:3:      layout_basic, nemelex_diamond_rough_becter, grunt_ministairs_14,
          minmay_misc_feat_rugged
D:4:      layout_basic, nicolae_overflow_crystal_walls,
          minmay_temple_entry_glassed_door, grunt_decor_one_mirror
D:5:      layout_basic, minmay_fountain_box, serial_bayou_lagoon_b
D:6:      layout_loops_ring, uniq_grinder
D:7:      layout_basic
D:8:      layout_rooms, mainiacjoe_overflow_boulevard, nicolae_shop_fire_sale
          [nicolae_sub_dead_trees], minmay_crystal_water
D:9:      layout_roguey, mainiacjoe_overflow_alcove_4,
          worldfamousw_hep_ancestral_shrine, david_lair_generic, minmay_circle_x
D:10:     layout_basic, erik_orc_4, enter_bailey_5, serial_shops, shop,
          small_chamber_with_monster
D:11:     layout_rooms
D:12:     layout_rooms, uniq_frances
D:13:     layout_grid_maze, minivault_21
D:14:     lemuel_vampire_tower, layout_basic, david_vaults_1,
          portal_ice_cave_entry_dragon, hangedman_decor_clover_reticule,
          serial_shops, nicolae_shop_advertising_works
          [nicolae_subvault_shop_adworks], chequers_big_river,
          kennysheep_slug_shrine, uniq_rupert
D:15:     grunt_enter_depths_hoard, layout_long_grid, glass_columns_c,
          nicolae_shop_overcharged_wands
Lair:1:   layout_regular_city
Lair:2:   layout_chaotic_city, dummy_spider_entry, beast_lair_carwin_6,
          uniq_amaemon, uniq_gastronok
Lair:3:   layout_hall_layers, nicolae_swamp_entry_splash_gauntlet
Lair:4:   layout_roguey, beast_lair_carwin_9
Lair:5:   layout_regular_city
Lair:6:   minmay_lair_end_enchanted_forest, layout_gridlike, slime_entry_1,
          serial_bayou_shore_b, uniq_kirke
Spider:1: layout_cave_pods, nicolae_spider_wall_of_niches
Orc:1:    layout_caves, hellmonk_bongcloud_opening, uniq_sonja, uniq_snorg
Orc:2:    st_orc_town, layout_diamond_mine, nicolae_orc_bridge_out, uniq_azrael
Elf:1:    nicolae_elf_arrival_aired_out, layout_loops_corners,
          portal_desolation_entry_nicolae_nacl, hangedman_corner_corridor
Desolation

Skill      XL: |  1  2  3  4  5  6  7  8  9 10 11 12 13 14 15 16 |
---------------+-------------------------------------------------+-----
Polearms       | 4 5 6 8 9 10 12 13 15 16 17 18 | 18.2
Fighting       | 4 5 6 8 9 10 12 13 15 16 17 18 | 18.2
Armour         | 3 4 5 6 7 9 10 12 13 14 16 17 18 | 18.0
Dodging        | 3 4 5 6 8 9 11 12 13 14 16 | 16.6

Action                   |  1- 3 |  4- 6 |  7- 9 | 10-12 | 13-15 | 16-18 || total
-------------------------+-------+-------+-------+-------+-------+-------++-------
Melee: Spear             |    93 |   137 |   350 |       |       |       ||   580
       Headbutt          |    11 |    24 |    62 |   109 |   314 |    55 ||   575
       Punch             |     1 |     3 |     2 |     8 |    12 |       ||    26
       Trident           |       |       |    39 |   554 |   650 |       ||  1243
       Halberd           |       |       |       |       |   731 |   205 ||   936
Invok: Berserk           |     2 |     6 |    17 |    16 |    31 |     5 ||    77
       Trog's Hand       |       |       |     3 |    16 |    24 |     4 ||    47
       Brothers in Arms  |       |       |       |       |     3 |       ||     3
Evoke: Wand              |       |       |       |     5 |       |       ||     5
  Use: Potion            |       |     4 |       |       |     5 |     3 ||    12
       Scroll            |       |       |     4 |    25 |     9 |       ||    38
Armor: Leather armour    |    13 |       |       |       |       |       ||    13
       Chain mail        |    14 |    45 |   104 |   124 |   306 |       ||   593
       Plate armour      |       |       |       |       |    35 |   216 ||   251
Dodge: Dodged            |    34 |    34 |    97 |   297 |   716 |   211 ||  1389

Table legend: (Time is in decaauts)
 A = Elapsed time spent in this place.
 B = Non-inter-level travel time spent in this place.
 C = Inter-level travel time spent in this place.
 D = Time resting spent in this place.
 E = Time spent auto-exploring this place.
 F = Levels seen in this place.
 G = Mean time per level.
                   A        B        C        D        E       F      G
               +--------+--------+--------+--------+--------+-----+--------+
         Total |  27604 |  25878 |   1726 |   2098 |  18536 |  27 | 1022.4 |
       Dungeon |  17438 |  16287 |   1151 |   1551 |  11614 |  15 | 1162.5 |
          Lair |   6829 |   6496 |    333 |    380 |   4979 |   6 | 1138.2 |
   Spider Nest |    296 |    296 |      0 |     77 |    114 |   1 |  296.0 |
  Orcish Mines |   2037 |   1797 |    240 |      3 |   1282 |   2 | 1018.5 |
   Elven Halls |    359 |    359 |      0 |      0 |    250 |   1 |  359.0 |
         Abyss |    246 |    246 |      0 |     87 |     42 |   1 |  246.0 |
    Desolation |    395 |    395 |      0 |      0 |    254 |   1 |  395.0 |
               +--------+--------+--------+--------+--------+-----+--------+

Top non-repeatable levels by time:
    D:14: 2753 daAuts
  Lair:2: 1451 daAuts
     D:3: 1450 daAuts
    D:10: 1416 daAuts
    D:13: 1345 daAuts
    D:11: 1331 daAuts
     D:7: 1285 daAuts
  Lair:3: 1244 daAuts
     D:9: 1201 daAuts
  Lair:4: 1191 daAuts
  Lair:6: 1159 daAuts
   Orc:2: 1070 daAuts
     D:5: 1017 daAuts
  Lair:1: 979 daAuts
     D:8: 976 daAuts
